 Dungeon Crawl Stone Soup version 0.27-a0-1051-g288ea87c7c (webtiles) character file.

Game seed: 14587282325806253681

519 Demosthentine the Poker (level 7, -2/55 HPs)
             Began as a Merfolk Gladiator on Apr 20, 2021.
             Slain by an elf zombie (3 damage)
             ... in an ossuary.
             The game lasted 00:03:52 (4456 turns).

Demosthentine the Poker (Merfolk Gladiator)         Turns: 4456, Time: 00:03:52

Health: -2/55      AC:  4    Str: 16    XL:     7   Next: 21%
Magic:  0/7        EV: 14    Int:  7    God:
Gold:   130        SH:  0    Dex: 16    Spells: 6/6 levels left

rFire    . . .     SeeInvis .   a - +0 trident
rCold    . . .     Faith    .   (no shield)
rNeg     . . .     Spirit   +   b - +0 leather armour
rPois    .         Reflect  .   c - +0 helmet
rElec    .         Harm     .   (no cloak)
rCorr    .         Rampage  .   (no gloves)
Will     .....                  (no boots)
Stlth    +.........             e - amulet of guardian spirit
HPRegen  0.18/turn              (no ring)
MPRegen  0.10/turn              (no ring)

@: mighty, marked, unable to read, very slightly contaminated, invisible
A: (nimble swimmer 2), mertail, wild magic 1, inability to read while threatened
a: no special abilities


You were in an ossuary.
You visited 1 branch of the dungeon, and saw 4 of its levels.
You also visited: Ossuary.

You collected 130 gold pieces.

Inventory:

Hand Weapons
 a - a +0 trident (weapon)
Missiles
 d - 2 throwing nets (quivered)
Armour
 b - a +0 leather armour (worn)
 c - a +0 helmet (worn)
Jewellery
 e - an amulet of guardian spirit (around neck)
 j - a +4 ring of evasion
 m - an amulet of faith
Scrolls
 g - a scroll of immolation
 n - 2 scrolls of identify
Potions
 k - a potion of mutation


   Skills:
 + Level 4.6 Fighting
 + Level 6.9 Polearms
 - Level 2.0 Throwing
 + Level 2.4 Armour
 + Level 6.2 Dodging


You had 6 spell levels left.
You didn't know any spells.
Your spell library was empty.

Dungeon Overview and Level Annotations

Branches:
Dungeon (4/15)            Ossuary (1/1)
 Temple: D:4-7

Altars:

Shops:
D:1 [


Innate Abilities, Weirdness & Mutations

((You are quick and stealthy near water. (Stealth+, EV+, Speed+++)))
Your lower body shifts to a powerful aquatic tail in water.
Your spells are a little harder to cast, but a little more powerful.
You sometimes lose the ability to read scrolls when taking damage.


Message History

The adder zombie is heavily damaged.
The adder zombie bites you but does no damage.
The elf zombie hits you but does no damage.
You hit the elf zombie.
The elf zombie is lightly damaged.
The adder zombie misses you. The elf zombie hits you.
You feel threatened and lose the ability to read scrolls!
* * * LOW HITPOINT WARNING * * *
You puncture the elf zombie!
The elf zombie is lightly damaged.
The adder zombie barely misses you. The elf zombie closely misses you.
You closely miss the elf zombie.
The elf zombie is lightly damaged.
The adder zombie closely misses you.
You closely miss the elf zombie.
The elf zombie is lightly damaged.
You can read scrolls again.
The adder zombie closely misses you. The hobgoblin zombie barely misses you.
The elf zombie barely misses you.
You puncture the elf zombie!
The elf zombie is heavily damaged.
The adder zombie closely misses you. The elf zombie closely misses you.
The hobgoblin zombie closely misses you.
You hit the elf zombie.
The elf zombie is heavily damaged.
The adder zombie misses you.
The hobgoblin zombie closely misses you.
The elf zombie closely misses you.
Unknown command.
You hit the elf zombie.
The elf zombie is heavily damaged.
The adder zombie bites you.
* * * LOW HITPOINT WARNING * * *
The adder zombie bites you but does no damage.
You catch the helpless elf zombie completely off-guard!
You puncture the elf zombie!
The elf zombie is severely damaged.
The elf zombie hits you.
You feel threatened and lose the ability to read scrolls!
You die...

######################
#....................#
#.......ZZ...........#
#......ZZ8Z.8........#
#.......@ZZZ.........#
#...######Z.######...#
#...# #..# #...# #...#
#..# #...#
#...#.####ZZ####.#...#
#...#....Z.Z..Z.Z#...#
#...#.....Z.####.#...#
#...#.......# #...#
#...#.......# #...#


You could see an adder zombie, a hobgoblin zombie, 2 kobold zombies, an orc
zombie, 3 elf zombies and a human zombie.

Vanquished Creatures
  Menkaure (D:4)
  A scorpion (D:4)
  3 centaur zombies
  A human zombie (Ossuary)
  An orc wizard (D:3)
  3 mummies
  3 adders
  A white imp (D:3)
  2 worms
  3 dart slugs
  3 orcs (D:3)
  6 endoplasms
  4 giant cockroaches
  8 goblins
  7 hobgoblins
  6 jackals
  4 kobolds
  8 quokkas
  8 ball pythons
  5 bats
  7 frilled lizards
  8 hobgoblin zombies (Ossuary)
  2 jackal zombies (Ossuary)
  8 kobold zombies (Ossuary)
  6 orc zombies (Ossuary)
109 creatures vanquished.

Notes
Turn   | Place    | Note
-------+----------+-------------------------------------------
     0 | D:1      | Demosthentine the Merfolk Gladiator began the quest for the
                  | Orb.
     0 | D:1      | Reached XP level 1. HP: 16/16 MP: 1/1
    55 | D:1      | Found Peverac's Antique Armour Shop.
   176 | D:1      | Found a faded altar of an unknown god.
   192 | D:1      | Reached XP level 2. HP: 18/23 MP: 2/2
   745 | D:1      | Reached XP level 3. HP: 28/28 MP: 3/3
  1100 | D:1      | Reached skill level 5 in Polearms
  1473 | D:2      | Reached skill level 1 in Armour
  1488 | D:2      | Reached XP level 4. HP: 9/34 MP: 4/4
  2418 | D:3      | Reached skill level 5 in Dodging
  2479 | D:3      | Reached XP level 5. HP: 41/41 MP: 5/5
  3777 | D:4      | Noticed Menkaure
  3785 | D:4      | Killed Menkaure
  3786 | D:4      | Reached XP level 6. HP: 17/48 MP: 2/6
  3927 | D:4      | Found a sand-covered staircase.
  3939 | Ossuary  | Entered an ossuary
  4399 | Ossuary  | Reached XP level 7. HP: 32/55 MP: 7/7
  4429 | Ossuary  | Gained mutation: You sometimes lose the ability to read
                  | scrolls when taking damage. [potion of mutation]
  4429 | Ossuary  | Gained mutation: Your spells are a little harder to cast,
                  | but a little more powerful. [potion of mutation]
  4434 | Ossuary  | HP: 2/55 [elf zombie (3)]
  4449 | Ossuary  | HP: 1/55 [elf zombie (4)]
  4455 | Ossuary  | HP: 1/55 [adder zombie (1)]
  4456 | Ossuary  | Slain by an elf zombie

Illustrated notes

Levels and vault maps discovered:
D:1:      elethiomel_arrival_maze, layout_loops_ring,
          hellmonk_ecumenical_altar_slurped_away, serial_shops,
          nicolae_shop_competitors_out_of_business
D:2:      layout_loops_ring
D:3:      minmay_razor_zed, layout_basic
D:4:      layout_basic, gup_ossuary_entry_pyramid, uniq_menkaure
Ossuary:  ossuary_tomb_1

Skill      XL: |  1  2  3  4  5  6 |
---------------+-------------------+-----
Polearms       | 5 6 |  6.9
Armour         | 1 2 |  2.4
Fighting       | 3 4 |  4.6
Dodging        | 5 6 |  6.2
Throwing       | |  2.0

Action                   |  1- 3 |  4- 6 |  7- 9 || total
-------------------------+-------+-------+-------++-------
Melee: Trident           |   121 |   226 |    50 ||   397
Throw: Throwing net      |       |     1 |       ||     1
  Use: Scroll            |       |     3 |       ||     3
       Potion            |       |     1 |     5 ||     6
 Stab: Sleeping          |     1 |     2 |       ||     3
       Distracted        |       |     2 |       ||     2
       Held in net/web   |       |     1 |       ||     1
       Invisible         |       |       |     2 ||     2
Armor: Leather armour    |    23 |    44 |    16 ||    83
Dodge: Dodged            |    57 |   135 |    49 ||   241

Table legend: (Time is in decaauts)
 A = Elapsed time spent in this place.
 B = Non-inter-level travel time spent in this place.
 C = Inter-level travel time spent in this place.
 D = Time resting spent in this place.
 E = Time spent auto-exploring this place.
 F = Levels seen in this place.
 G = Mean time per level.
                   A        B        C        D        E       F      G
               +--------+--------+--------+--------+--------+-----+--------+
         Total |   4462 |   4356 |    106 |   1305 |   2334 |   5 |  892.4 |
       Dungeon |   3949 |   3843 |    106 |   1005 |   2295 |   4 |  987.2 |
       Ossuary |    512 |    512 |      0 |    300 |     39 |   1 |  512.0 |
               +--------+--------+--------+--------+--------+-----+--------+

Top non-repeatable levels by time:
     D:3: 1292 daAuts
     D:2: 1229 daAuts
     D:1: 1212 daAuts
 Ossuary: 512 daAuts
     D:4: 215 daAuts
